PL
PANAMA CITY PIRANHAS @ BOSTON PATRIOTS
04/20/2029
 
TOP OF THE 1ST
Panama City Piranhas batting - Pitching for Boston Patriots : RHP Lúcio Sánchez
Pitching: RHP Lúcio Sánchez
Batting: RHB Raúl Ortíz 0-0: Ball
1-0: Foul Ball, location: 2F
1-1: Ball
2-1: Called Strike
2-2: Ball
3-2: Strikes out looking
Batting: LHB Sergio Muñóz 0-0: Foul Ball, location: 2F
0-1: Ball
1-1: Called Strike
1-2: Ground out 4-3 (Groundball, 4)
Batting: RHB Juan Jose Ayala 0-0: Ball
1-0: Foul Ball, location: 2F
1-1: Ball
2-1: SINGLE (Line Drive, 7LS)
Batting: LHB António Ramos 0-0: Called Strike
0-1: Ball
1-1: Ball
2-1: Fly out, F7 (Flyball, 7LSF)
Top of the 1st over - 0 runs, 1 hit, 0 errors, 1 left on base; Panama City 0 - Boston 0
BOTTOM OF THE 1ST
Boston Patriots batting - Pitching for Panama City Piranhas : LHP Kirby Buckner
Pitching: LHP Kirby Buckner
Batting: LHB Jorge Alejándrez 0-0: Swinging Strike
0-1: Called Strike
0-2: Ball
1-2: Ball
2-2: Ground out 6-3 (Groundball, 6M)
Batting: RHB Tamasaburo Kato 0-0: Called Strike
0-1: Swinging Strike
0-2: Strikes out looking
Batting: RHB Gabriel Maldonado 0-0: Ball
1-0: Fly out, F9 (Flyball, 9LMF)
Bottom of the 1st over - 0 runs, 0 hits, 0 errors, 0 left on base; Panama City 0 - Boston 0
TOP OF THE 2ND
Panama City Piranhas batting - Pitching for Boston Patriots : RHP Lúcio Sánchez
Batting: RHB Andy Putman 0-0: Ball
1-0: Called Strike
1-1: Foul Ball, location: 2F
1-2: Foul Ball, location: 2F
1-2: Fly out, F8 (Line Drive, 8RM)
Batting: RHB Cale Sutton 0-0: Ball
1-0: Called Strike
1-1: Ball
2-1: Called Strike
2-2: Foul Ball, location: 2F
2-2: Foul Ball, location: 2F
2-2: Fly out, F5 (Popup, 15S)
Batting: LHB Floyd Long 0-0: Called Strike
0-1: Ball
1-1: Ball
2-1: Ball
3-1: Foul Ball, location: 2F
3-2: Strikes out swinging
Top of the 2nd over - 0 runs, 0 hits, 0 errors, 0 left on base; Panama City 0 - Boston 0
BOTTOM OF THE 2ND
Boston Patriots batting - Pitching for Panama City Piranhas : LHP Kirby Buckner
Batting: RHB Tommy Jones 0-0: Ball
1-0: Ground out 6-3 (Groundball, 56D)
Batting: RHB Alfredo García 0-0: Called Strike
0-1: Called Strike
0-2: Strikes out swinging
Batting: RHB Terry Armstrong 0-0: Ball
1-0: Called Strike
1-1: Ball
2-1: Foul Ball, location: 2F
2-2: Ball
3-2: SINGLE (Groundball, 56S) (infield hit)
Batting: RHB Yosuke Hayashi 0-0: Ball
1-0: Ball
2-0: Called Strike
2-1: Foul Ball, location: 2F
2-2: Ball
3-2: Base on Balls
Terry Armstrong to second
Batting: RHB Sotaro Sakata 0-0: SINGLE (Groundball, 56D)
Terry Armstrong to third
Yosuke Hayashi to second
Runner from 3rd tries for Home, SAFE, no throw
Batting: LHB Alberto Enríquez 0-0: Ball
1-0: Called Strike
1-1: Swinging Strike
1-2: Strikes out swinging
Bottom of the 2nd over - 1 run, 2 hits, 0 errors, 2 left on base; Panama City 0 - Boston 1
TOP OF THE 3RD
Panama City Piranhas batting - Pitching for Boston Patriots : RHP Lúcio Sánchez
Batting: RHB Lorenzo Rosas 0-0: Swinging Strike
0-1: Swinging Strike
0-2: Ball
1-2: Ball
2-2: Strikes out swinging
Batting: LHB Robert Adams 0-0: Called Strike
0-1: Called Strike
0-2: Ball
1-2: Ball
2-2: Strikes out looking
Batting: RHB Raúl Ortíz 0-0: Called Strike
0-1: Called Strike
0-2: Reached on error, E6 (Groundball, 6)
Batting: LHB Sergio Muñóz 0-0: Called Strike
0-1: Called Strike
0-2: Strikes out swinging wild pitch, reaches first!
Raúl Ortíz to second
Batting: RHB Juan Jose Ayala 0-0: Swinging Strike
0-1: Ball
1-1: Ground out 4-3 (Groundball, 4)
Top of the 3rd over - 0 runs, 0 hits, 1 error, 2 left on base; Panama City 0 - Boston 1
BOTTOM OF THE 3RD
Boston Patriots batting - Pitching for Panama City Piranhas : LHP Kirby Buckner
Batting: LHB Jorge Alejándrez 0-0: Ball
1-0: Called Strike
1-1: Ball
2-1: Called Strike
2-2: Ground out 5-3 (Groundball, 56S)
Batting: RHB Tamasaburo Kato 0-0: Ball
1-0: Called Strike
1-1: Ball
2-1: Foul Ball, location: 2F
2-2: Ball
3-2: Base on Balls
Batting: RHB Gabriel Maldonado 0-0: Ball
1-0: Foul Ball, location: 2F
1-1: Ball
2-1: Fly out, F4 (Popup, 4M)
Batting: RHB Tommy Jones 0-0: DOUBLE (Line Drive, 8LD)
Tamasaburo Kato to third
Batting: RHB Alfredo García 0-0: Ball
1-0: Ball
2-0: Swinging Strike
2-1: Swinging Strike
2-2: Ground out 4-3 (Groundball, 4)
Bottom of the 3rd over - 0 runs, 1 hit, 0 errors, 2 left on base; Panama City 0 - Boston 1
TOP OF THE 4TH
Panama City Piranhas batting - Pitching for Boston Patriots : RHP Lúcio Sánchez
Batting: LHB António Ramos 0-0: Ground out U3 (Groundball, 3)
Batting: RHB Andy Putman 0-0: Foul Ball, location: 2F
0-1: Ball
1-1: Ball
2-1: Foul Ball, location: 2F
2-2: Strikes out swinging
Batting: RHB Cale Sutton 0-0: Foul Ball, location: 2F
0-1: Ball
1-1: Ball
2-1: Ball
3-1: Swinging Strike
3-2: Base on Balls
Batting: LHB Floyd Long 0-0: Called Strike
Pickoff Throw to First - Out!
Top of the 4th over - 0 runs, 0 hits, 0 errors, 0 left on base; Panama City 0 - Boston 1
BOTTOM OF THE 4TH
Boston Patriots batting - Pitching for Panama City Piranhas : RHP Danial Apodaca
Pitching: RHP Danial Apodaca
Batting: RHB Terry Armstrong 0-0: Ball
1-0: Ball
2-0: Ball
3-0: Called Strike
3-1: Called Strike
3-2: Base on Balls
Batting: RHB Yosuke Hayashi 0-0: Ball
1-0: 2-RUN HOME RUN (Flyball, 78XD), Distance : 417 ft
Batting: RHB Sotaro Sakata 0-0: Called Strike
0-1: Ball
1-1: Ball
2-1: Ground out 1-3 (Groundball, P)
Batting: LHB Alberto Enríquez 0-0: Ball
1-0: Fly out, F1 (Line Drive, 13)
Batting: LHB Jorge Alejándrez 0-0: Ball
1-0: Swinging Strike
1-1: Ball
2-1: Ball
3-1: Called Strike
3-2: Fly out, F8 (Flyball, 8LM)
Bottom of the 4th over - 2 runs, 1 hit, 0 errors, 0 left on base; Panama City 0 - Boston 3
TOP OF THE 5TH
Panama City Piranhas batting - Pitching for Boston Patriots : RHP Lúcio Sánchez
Pitching: RHP Valentín Rivera
Batting: LHB Floyd Long 0-0: Foul Ball, location: 2F
0-1: Foul Ball, location: 2F
0-2: Strikes out swinging
Batting: RHB Lorenzo Rosas 0-0: Ground out 5-3 (Groundball, 56)
Batting: LHB Robert Adams 0-0: Called Strike
0-1: Foul Ball, location: 2F
0-2: SINGLE (Groundball, 6MD)
Batting: RHB Raúl Ortíz 0-0: Called Strike
0-1: Foul Ball, location: 2F
0-2: Strikes out swinging
Top of the 5th over - 0 runs, 1 hit, 0 errors, 1 left on base; Panama City 0 - Boston 3
BOTTOM OF THE 5TH
Boston Patriots batting - Pitching for Panama City Piranhas : RHP Danial Apodaca
Batting: RHB Tamasaburo Kato 0-0: Ball
1-0: Ball
2-0: Foul Ball, location: 2F
2-1: Ball
3-1: Called Strike
3-2: Ground out U3 (Groundball, 34S)
Batting: RHB Gabriel Maldonado 0-0: Ball
1-0: Ball
2-0: Foul Ball, location: 2F
2-1: Fly out, F8 (Flyball, 8RM)
Batting: RHB Tommy Jones 0-0: Ball
1-0: Foul Ball, location: 2F
1-1: Ball
2-1: Ground out 6-3 (Groundball, 6)
Bottom of the 5th over - 0 runs, 0 hits, 0 errors, 0 left on base; Panama City 0 - Boston 3
TOP OF THE 6TH
Panama City Piranhas batting - Pitching for Boston Patriots : RHP Valentín Rivera
Batting: LHB Sergio Muñóz 0-0: Called Strike
0-1: Foul Ball, location: 2F
0-2: Foul Ball, location: 2F
0-2: Ball
1-2: Ball
2-2: TRIPLE (Flyball, 78XD)
Batting: RHB Juan Jose Ayala 0-0: Ball
1-0: Ball
2-0: Fly out, F4 (Popup, 34)
Batting: LHB António Ramos 0-0: Ball
1-0: Called Strike
1-1: Ball
2-1: Swinging Strike
2-2: Strikes out swinging
Batting: RHB Andy Putman 0-0: Foul Ball, location: 2F
0-1: Ball
1-1: Ball
2-1: Foul Ball, location: 2F
2-2: SINGLE (Line Drive, 4MD)
Sergio Muñóz scores
Batting: RHB Cale Sutton 0-0: Ball
1-0: Ball
2-0: Called Strike
2-1: Fly out, F8 (Flyball, 89D)
Top of the 6th over - 1 run, 2 hits, 0 errors, 1 left on base; Panama City 1 - Boston 3
BOTTOM OF THE 6TH
Boston Patriots batting - Pitching for Panama City Piranhas : RHP Danial Apodaca
Batting: RHB Alfredo García 0-0: Foul Ball, location: 2F
0-1: Ball
1-1: Ball
2-1: Ball
3-1: Ground out 5-3 (Groundball, 56)
Batting: RHB Terry Armstrong 0-0: Called Strike
0-1: Foul Ball, location: 2F
0-2: Fly out, F9 (Flyball, 9LM)
Batting: RHB Yosuke Hayashi 0-0: Called Strike
0-1: Ball
1-1: Ball
2-1: Called Strike
2-2: Foul Ball, location: 2F
2-2: Foul Ball, location: 2F
2-2: SINGLE (Groundball, 6S) (infield hit)
Batting: RHB Sotaro Sakata 0-0: Foul Ball, location: 2F
0-1: Ball
1-1: Fly out, F9 (Flyball, 89XD)
Bottom of the 6th over - 0 runs, 1 hit, 0 errors, 1 left on base; Panama City 1 - Boston 3
TOP OF THE 7TH
Panama City Piranhas batting - Pitching for Boston Patriots : RHP Valentín Rivera
Batting: LHB Floyd Long 0-0: Ball
1-0: Ground out 4-3 (Groundball, 34D)
Batting: RHB Lorenzo Rosas 0-0: Foul Ball, location: 2F
0-1: Called Strike
0-2: Ball
1-2: Ball
2-2: Ball
3-2: Strikes out swinging
Batting: LHB Robert Adams 0-0: Ball
1-0: Foul Ball, location: 2F
1-1: Fly out, F4 (Line Drive, 4M)
Top of the 7th over - 0 runs, 0 hits, 0 errors, 0 left on base; Panama City 1 - Boston 3
BOTTOM OF THE 7TH
Boston Patriots batting - Pitching for Panama City Piranhas : RHP Danial Apodaca
Pitching: RHP Francisco Barrios
Batting: LHB Alberto Enríquez 0-0: Called Strike
0-1: Ball
1-1: Ball
2-1: Ball
3-1: Base on Balls
Pinch Hitting: RHB Karl Schultz 0-0: Fly out, F3 (Popup, 3S)
Batting: RHB Tamasaburo Kato 0-0: Ball
Wild Pitch!
Alberto Enríquez to second
1-0: Foul Ball, location: 2F
1-1: Ball
2-1: Foul Ball, location: 2F
2-2: Ball
3-2: SINGLE (Groundball, 56D)
Alberto Enríquez to third
Runner from 3rd tries for Home, SAFE, no throw
Batting: RHB Gabriel Maldonado 0-0: Foul Ball, location: 2F
0-1: Swinging Strike
0-2: Foul Ball, location: 2F
0-2: Ball
1-2: Ball
2-2: Ball
3-2: Grounds into double play, 5-4-3 (Groundball, 56)
Bottom of the 7th over - 1 run, 1 hit, 0 errors, 0 left on base; Panama City 1 - Boston 4
TOP OF THE 8TH
Panama City Piranhas batting - Pitching for Boston Patriots : RHP Valentín Rivera
Now at 3B: Miguel Márquez
Pinch Hitting: RHB Baldomero Avino 0-0: Called Strike
0-1: Swinging Strike
0-2: Strikes out swinging
Pinch Hitting: RHB Armando Alvarado 0-0: Called Strike
0-1: Ball
1-1: Foul Ball, location: 2F
1-2: Strikes out swinging
Batting: RHB Juan Jose Ayala 0-0: Foul Ball, location: 2F
0-1: Fly out, F8 (Flyball, 8RM)
Top of the 8th over - 0 runs, 0 hits, 0 errors, 0 left on base; Panama City 1 - Boston 4
BOTTOM OF THE 8TH
Boston Patriots batting - Pitching for Panama City Piranhas : RHP Francisco Barrios
Now at 2B: Jack Sutherland
Now in LF: JoJo Victory
Batting: RHB Tommy Jones 0-0: Swinging Strike
0-1: Called Strike
0-2: Ball
1-2: DOUBLE (Flyball, 78XD)
Pinch Hitting: LHB Bill Chambers 0-0: Called Strike
0-1: Ball
1-1: Ball
2-1: Swinging Strike
2-2: Ground out 4-3 (Groundball, 4)
Tommy Jones to third
Batting: RHB Terry Armstrong 0-0: Ball
1-0: Called Strike
1-1: Ball
2-1: Foul Ball, location: 2F
2-2: Strikes out looking
Pinch Hitting: LHB Ramón Félix 0-0: Ball
1-0: Swinging Strike
1-1: Foul Ball, location: 2F
1-2: Strikes out looking
Bottom of the 8th over - 0 runs, 1 hit, 0 errors, 1 left on base; Panama City 1 - Boston 4
TOP OF THE 9TH
Panama City Piranhas batting - Pitching for Boston Patriots : RHP Valentín Rivera
Pitching: RHP Folkert van Huizen
Now at SS: Bill Chambers
Now in LF: Ramón Félix
Batting: RHB Paco Muñóz 0-0: Called Strike
0-1: Ball
1-1: Called Strike
1-2: Strikes out swinging
Batting: RHB Andy Putman 0-0: Ball
1-0: Swinging Strike
1-1: Ball
2-1: Foul Ball, location: 2F
2-2: Strikes out looking
Pinch Hitting: LHB Víctor Robledo 0-0: Ball
1-0: Ball
2-0: Called Strike
2-1: Called Strike
2-2: Strikes out swinging
Top of the 9th over - 0 runs, 0 hits, 0 errors, 0 left on base; Panama City 1 - Boston 4
Tuesday, December 19th, 2017 - OOTP Baseball 18.8 Build 76